 Dungeon Crawl Stone Soup version 0.26.0-10-g1f06aea511 (webtiles) character file.

Game seed: 8236442706551434521

1535 JimRyanor the Covered (level 9, -5/68 HPs)
             Began as a Human Berserker on Jan 30, 2021.
             Was a Priest of Trog.
             Slain by Jaiteiro's ghost (9 damage)
             ... on level 8 of the Dungeon.
             The game lasted 01:14:23 (4820 turns).

JimRyanor the Covered (Human Berserker)             Turns: 4820, Time: 01:14:24

Health: -5/68      AC: 19    Str: 20    XL:     9   Next: 11%
Magic:  9/9        EV:  9    Int:  8    God:    Trog [***...]
Gold:   266        SH:  0    Dex: 15    Spells: 8/8 levels left

rFire    . . .     SeeInvis .   y - +3 mace
rCold    . . .     Faith    .   (no shield)
rNeg     . . .     Spirit   .   l - +2 chain mail
rPois    .         Reflect  .   w - +0 helmet
rElec    .         Harm     .   p - +2 cloak
rCorr    .         Rampage  .   (no gloves)
Will     ++...     Rnd*Tele +   c - +0 pair of boots
Stlth    ..........             (no amulet)
HPRegen  1.21/turn              (no ring)
MPRegen  0.11/turn              (no ring)

@: regenerating (expiring)
A: slimy green scales 1, agile 1, teleportitis 1
a: Renounce Religion, Berserk, Trog's Hand


You were on level 8 of the Dungeon.
You worshipped Trog.
Trog was most pleased with you.
You visited 1 branch of the dungeon, and saw 8 of its levels.

You collected 266 gold pieces.

Inventory:

Hand Weapons
 a - a +0 spear
 k - a +1 dagger of flaming
 n - a +0 hunting sling
 t - a +1 long sword
 u - a +0 falchion of holy wrath
 x - a +4 quarterstaff of chaos
 y - a +3 mace (weapon)
 z - a +0 rapier
 B - a +0 long sword
Missiles
 o - 189 stones
Armour
 b - a +0 animal skin
 c - a +0 pair of boots (worn)
 e - a +0 ring mail
 g - a +0 chain mail
 l - a +2 chain mail (worn)
 p - a +2 cloak (worn)
 w - a +0 helmet (worn)
 A - a +0 leather armour
 E - a +0 chain mail
Jewellery
 v - a -4 ring of protection
Wands
 f - a wand of iceblast (3)
 s - a wand of polymorph (3)
 G - a wand of digging (6)
Scrolls
 d - 4 scrolls of fog
 h - 7 scrolls of identify
 i - 2 scrolls of blinking
 j - 3 scrolls of remove curse
 m - 2 scrolls of teleportation
Potions
 q - a potion of ambrosia
 C - a potion of cancellation
 D - 3 potions of flight
 H - a potion of heal wounds {unknown}


   Skills:
 + Level 5.2 Fighting
 + Level 2.3(4.0) Short Blades
 + Level 5.0(5.3) Long Blades
 + Level 4.1 Maces & Flails
 + Level 4.1 Polearms
 + Level 5.4 Armour
 + Level 3.1 Dodging
 + Level 0.5 Stealth


You had 8 spell levels left.
You didn't know any spells.
Your spell library was empty.

Dungeon Overview and Level Annotations

Branches:
Dungeon (8/15)             Temple (0/1) D:6
   Lair: D:8-11

Altars:
Ashenzari
Nemelex Xobeh
Qazlal
Uskayaw
Zin

Annotations:
D:7 bl3nd3r's ghost, novice DrCj
D:8 Jaiteiro's ghost, novice OpDe


Innate Abilities, Weirdness & Mutations

You are partially covered in slimy green scales. (AC +2)
You are agile. (Dex +2)
You are occasionally teleported next to monsters.


Message History

You are electrocuted!!
* * * LOW HITPOINT WARNING * * *
You hit Jaiteiro's ghost.
Jaiteiro's ghost is heavily damaged.
You feel the effects of Trog's Hand fading.
Jaiteiro's ghost barely misses you.
You sock Jaiteiro's ghost!
Jaiteiro's ghost is severely damaged.
Jaiteiro's ghost hits you but does no damage.
You are electrocuted!
* * * LOW HITPOINT WARNING * * *
Jaiteiro's ghost misses you.
You closely miss Jaiteiro's ghost.
Jaiteiro's ghost is severely damaged.
Jaiteiro's ghost hits you but does no damage.
You closely miss Jaiteiro's ghost.
Jaiteiro's ghost is severely damaged.
Jaiteiro's ghost hits you but does no damage.
You are electrocuted!
You die...

#.## #..
###.. ....
#..# #..#
#..####
#.W@..#
#.)##.##.#
#...<...#
##...l.##
####.#.#
.# .# .#
.# .# # .#


You could see Jaiteiro's ghost.

Vanquished Creatures
  Eustachio (D:6)
  Menkaure (D:6)
  2 necrophages (D:7)
  4 ogres
  A bullfrog (D:6)
  2 scorpions
  A hound (D:5)
  A centaur skeleton (D:5)
  An orc priest (D:3)
  2 orc wizards
  Crazy Yiuf (D:6)
  2 iguanas
  7 worker ants
  A worker ant zombie (D:5)
  A howler monkey skeleton (D:5)
  9 adders
  A white imp (D:5)
  An ooze (D:7)
  2 worms
  2 dart slugs (D:1)
  4 leopard geckos
  12 orcs
  4 giant cockroaches
  12 goblins
  7 hobgoblins
  2 jackals (D:7)
  12 kobolds
  4 quokkas
  12 bats
  A frilled lizard (D:3)
  7 rats
120 creatures vanquished.

Vanquished Creatures (others)
  2 fungi (D:6)
  A plant (D:4)
3 creatures vanquished.

Grand Total: 123 creatures vanquished

Notes
Turn   | Place    | Note
-------+----------+-------------------------------------------
     0 | D:1      | JimRyanor the Human Berserker began the quest for the Orb.
     0 | D:1      | Reached XP level 1. HP: 18/18 MP: 1/1
   119 | D:1      | Reached XP level 2. HP: 22/24 MP: 2/2
   303 | D:1      | Reached XP level 3. HP: 21/29 MP: 3/3
   364 | D:1      | Reached ** piety under Trog
   731 | D:2      | Reached XP level 4. HP: 35/35 MP: 4/4
   754 | D:2      | Found a faded altar of an unknown god.
   934 | D:2      | Gained mutation: Your spells are a little harder to cast,
                  | but a little more powerful. [potion of mutation]
   934 | D:2      | Gained mutation: You are weak. (Str -2) [potion of
                  | mutation]
   934 | D:2      | Lost mutation: Your spells are a little harder to cast, but
                  | a little more powerful. [potion of mutation]
   934 | D:2      | Gained mutation: You have a pair of small antennae on your
                  | head. [potion of mutation]
  1275 | D:3      | Found a sparkling altar of Nemelex Xobeh.
  1525 | D:3      | Found a glowing silver altar of Zin.
  1535 | D:3      | Reached XP level 5. HP: 38/42 MP: 5/5
  1613 | D:3      | Reached skill level 1 in Short Blades
  2081 | D:4      | Reached skill level 1 in Long Blades
  2081 | D:4      | Reached XP level 6. HP: 39/48 MP: 6/6
  2411 | D:4      | Noticed an ogre
  2419 | D:4      | Killed an ogre
  2628 | D:5      | Entered Level 5 of the Dungeon
  2688 | D:5      | Reached XP level 7. HP: 45/54 MP: 7/7
  2749 | D:5      | Found a stormy altar of Qazlal.
  3685 | D:6      | Found a runed translucent door.
  3686 | D:6      | Noticed Crazy Yiuf
  3692 | D:6      | Killed Crazy Yiuf
  3744 | D:6      | Found a staircase to the Ecumenical Temple.
  3747 | D:6      | Lost mutation: You are weak. (Str -2) [potion of mutation]
  3747 | D:6      | Lost mutation: You have a pair of small antennae on your
                  | head. [potion of mutation]
  3747 | D:6      | Gained mutation: You are partially covered in slimy green
                  | scales. (AC +2) [potion of mutation]
  3747 | D:6      | Gained mutation: You are occasionally teleported next to
                  | monsters. [potion of mutation]
  3747 | D:6      | Gained mutation: You are agile. (Dex +2) [potion of
                  | mutation]
  3762 | D:6      | Noticed Eustachio
  3784 | D:6      | Killed Eustachio
  3785 | D:6      | Reached XP level 8. HP: 61/61 MP: 8/8
  3930 | D:6      | Noticed Menkaure
  3942 | D:6      | Killed Menkaure
  3943 | D:6      | Reached skill level 1 in Maces & Flails
  4194 | D:7      | Found a runed translucent gate.
  4194 | D:7      | Found a runed translucent gate.
  4194 | D:7      | Found a runed translucent gate.
  4195 | D:7      | Noticed bl3nd3r's ghost (novice DrCj)
  4196 | D:7      | Noticed Jaiteiro's ghost (novice OpDe)
  4276 | D:7      | Reached skill level 5 in Long Blades
  4359 | D:7      | Reached *** piety under Trog
  4391 | D:7      | Found a hide-covered altar of Uskayaw.
  4408 | D:7      | Reached skill level 5 in Armour
  4463 | D:7      | Reached skill level 5 in Fighting
  4607 | D:7      | Found a broken altar of Ashenzari.
  4681 | D:7      | Reached XP level 9. HP: 52/68 MP: 9/9
  4818 | D:8      | HP: 1/68 [Jaiteiro's ghost (12)]
  4820 | D:8      | Slain by Jaiteiro's ghost

Illustrated notes

Levels and vault maps discovered:
D:1:      lightli_arrival_noodles, layout_rooms, item_on_display_a
D:2:      layout_loops_ring, chequers_ecumenical_altar_simple, uniq_natasha
D:3:      layout_loops_ring, nicolae_overflow_crystal_walls, old_standard_altar
D:4:      layout_basic, serial_forest, infiniplex_forest_lined_1,
          infiniplex_forest_zigzag_2, infiniplex_forest_clump_double,
          infiniplex_forest_clump_long, infiniplex_forest_corner_1,
          infiniplex_forest_straight_3, infiniplex_forest_straight_2
D:5:      layout_gridville, nicolae_qazlal_general_emergency
D:6:      layout_rooms, minmay_temple_entry_overgrown, lemuel_flamethrower_1,
          uniq_menkaure, uniq_eustachio, uniq_crazy_yiuf_cottage
D:7:      layout_loops_ring, lemuel_doored_altar,
          eat_drink_and_be_merry_uskayaw, kennysheep_mini,
          gammafunk_ghost_cemetery
D:8:      layout_loops_ring, okawaru_humans, david_lair_shrubbed

Skill      XL: |  1  2  3  4  5  6  7  8  9 |
---------------+----------------------------+-----
Polearms       | 4 |  4.1
Fighting       | 4 5 |  5.2
Short Blades   | 2 |  2.3
Long Blades    | 1 2 4 5 |  5.0
Armour         | 3 4 5 |  5.4
Maces & Flails | 3 4 |  4.1
Dodging        | 3 |  3.1
Stealth        | |  0.5

Action                   |  1- 3 |  4- 6 |  7- 9 || total
-------------------------+-------+-------+-------++-------
Melee: Spear             |    90 |       |       ||    90
       Dagger            |    34 |    90 |       ||   124
       Long sword        |       |   102 |    56 ||   158
       Mace              |       |       |   161 ||   161
 Fire: Hunting sling     |       |     1 |       ||     1
Invok: Berserk           |     2 |     5 |     3 ||    10
       Trog's Hand       |     1 |     6 |     4 ||    11
  Use: Potion            |     2 |     3 |    12 ||    17
       Scroll            |       |    16 |     1 ||    17
Armor: Animal skin       |    10 |       |       ||    10
       Ring mail         |    20 |       |       ||    20
       Chain mail        |     9 |   127 |   161 ||   297
Dodge: Dodged            |    63 |    71 |    99 ||   233
       Rpst.: Long sword |       |    13 |     6 ||    19
